 Dungeon Crawl Stone Soup version 0.28.0-45-g0d030f2227 (webtiles) character file.

Game seed: 9869474969555394560

445 protoss039 the Digger (level 6, -7/37 HPs)
             Began as a Demonspawn Earth Elementalist on May 30, 2022.
             Killed by nerve-wracking pain
             ... invoked by Grinder
              (14 damage)
             ... while paralysed by Grinder
             ... on level 4 of the Dungeon.
             The game lasted 00:07:21 (4791 turns).

protoss039 the Digger (DsEE)                        Turns: 4791, Time: 00:07:22

Health: -7/37      AC:  5    Str:  8    XL:     6   Next: 72%
Magic:  9/9        EV:  2    Int: 18    God:
Gold:   167        SH:  0    Dex: 14    Spells: 5/11 levels left

rFire   . . .      SeeInvis .   a - +0 dagger
rCold   . . .      Faith    .   (no shield)
rNeg    . . .      Spirit   .   g - +0 leather armour
rPois   .          Reflect  .   (no helmet)
rElec   .          Harm     .   (no cloak)
rCorr   .          Rampage  .   (no gloves)
Will    .....                   (no boots)
Stlth   ++........              (no amulet)
HPRegen 0.12/turn               (no ring)
MPRegen 0.11/turn               (no ring)

@: paralysed, mighty, attractive, hasted
A: yellow scales 1, weakness stinger 1, frail 2, low MP 1
a: no special abilities


You were on level 4 of the Dungeon.
You visited 1 branch of the dungeon, and saw 4 of its levels.

You collected 167 gold pieces.

Inventory:

Hand Weapons
 a - a +0 dagger (weapon)
Missiles
 c - 74 stones
Armour
 g - a +0 leather armour (worn)
Jewellery
 k - a ring of flight
 m - an amulet of guardian spirit
Scrolls
 b - a scroll of identify
 n - a scroll of magic mapping
Potions
 d - a potion of brilliance
 l - a potion of curing {unknown}


   Skills:
 * Level 3.4 Fighting
 + Level 2.1 Armour
 - Level 1.7 Dodging
 - Level 1.7 Stealth
 + Level 3.0 Spellcasting
 - Level 3.0 Conjurations
 - Level 1.6 Transmutations
 + Level 3.7 Earth Magic


You had 5 spell levels left.
You knew the following spells:

 Your Spells              Type           Power      Damage    Failure   Level
a - Sandblast             Erth           32%        2d9       4%          1
b - Passwall              Tmut/Erth      10%        N/A       12%         2
c - Stone Arrow           Conj/Erth      28%        3d8       17%         3

Your spell library contained the following spells:

 Spells                   Type           Power      Damage    Failure   Level
 Blink                    Tloc           4%         N/A       34%         2
 Lesser Beckoning         Tloc           2%         N/A       56%         3
 Petrify                  Tmut/Erth      12%        N/A       61%         4
 Manifold Assault         Tloc           2%         N/A       99%         5


Dungeon Overview and Level Annotations

Branches:
Dungeon (4/15)
 Temple: D:4-7

Altars:
Elyvilon
Gozag
Zin

Annotations:
D:4 Grinder


Innate Abilities, Weirdness & Mutations

You are partially covered in yellow scales. (AC +2)
You have a small tail.
You are very frail. (-20% HP)
Your magical capacity is low. (-10% MP)


Message History

Unknown command.
Grinder is attracted toward you.
Unknown command.
Unknown command.
You hit the orc wizard.
The orc wizard is moderately wounded.
The orc wizard hits you with a +0 dagger.
Something hits you but does no damage.
Unknown command.
You miss the orc wizard. You tail-slap the orc wizard!
The orc wizard is almost dead.
The orc wizard hits you with a +0 dagger.
Unknown command.
You barely miss the orc wizard.
Your tail-slap misses the orc wizard.
The orc wizard is almost dead.
Something hits you but does no damage. Grinder hits you.
Unknown command.
You completely miss Grinder.
Your tail-slap misses Grinder.
The orc wizard casts a spell.
The orc wizard flickers and vanishes!
Something hits you.
* * * LOW HITPOINT WARNING * * *
Grinder gestures at you.
You suddenly lose the ability to move!
You hear the rapid rusting of a very distant drain.
Something hits you but does no damage.
Grinder blinks!
Something hits you.
* * * LOW HITPOINT WARNING * * *
Grinder is attracted toward you.
You hear some strange, mumbled words.
Something tries to affect you, but you resist.
Something hits you but does no damage. Something hits you.
* * * LOW HITPOINT WARNING * * *
Grinder gestures at you.
You shrug off the repeated paralysis!
Something hits you but does no damage.
You feel less confused.
Something hits you but does no damage. x2
Grinder says, "Wait up."
Grinder gestures at you. Pain shoots through your body!
You die...

## ## #.## # ###. ###
...#.###.....###.#
.###..#.......#..##
..#...............##
.......#.... #.....#
.......##...##..)..#
.......#.....#.....#
..#............{@.##
.###..#.......#.5###.
.....###.....###.....#
......#..###..#.......#
.†...)....#............
.....#.........#.....##
#...##.........##...##
.....#.........# ....
..........#....(......


You could see Grinder.

Vanquished Creatures
  Edmund (D:4)
  Menkaure (D:4)
  A sky beast (D:3)
  A hound (D:3)
  4 adders
  2 adder skeletons
  2 worms
  2 dart slugs
  3 orcs (D:4)
  7 endoplasms
  3 giant cockroaches (D:1)
  4 goblins
  8 hobgoblins
  8 kobolds
  4 ball pythons
  2 frilled lizards
53 creatures vanquished.

Notes
Turn   | Place    | Note
-------+----------+-------------------------------------------
     0 | D:1      | protoss039 the Demonspawn Earth Elementalist began the
                  | quest for the Orb.
     0 | D:1      | Reached XP level 1. HP: 13/13 MP: 3/3
    61 | D:1      | Reached skill level 1 in Transmutations
   441 | D:1      | Gained mutation: You are partially covered in yellow
                  | scales. (AC +2) [demonic ancestry]
   441 | D:1      | Reached XP level 2. HP: 7/20 MP: 0/5
   680 | D:1      | Found a faded altar of an unknown god.
  1062 | D:1      | Reached skill level 1 in Fighting
  1584 | D:2      | Reached XP level 3. HP: 18/26 MP: 2/6
  2595 | D:2      | Learned a level 2 spell: Passwall
  2599 | D:2      | Learned a level 3 spell: Stone Arrow
  2628 | D:3      | Identified the +1 ring mail "Akloaddi" {rN++}
  2822 | D:3      | Reached skill level 1 in Armour
  2822 | D:3      | Reached XP level 4. HP: 12/33 MP: 1/7
  3390 | D:3      | Reached skill level 1 in Conjurations
  3578 | D:3      | Found an opulent altar of Gozag.
  3582 | D:3      | Noticed a sky beast
  3852 | D:3      | Killed a sky beast
  3853 | D:3      | Gained mutation: You have a small tail. [demonic ancestry]
  3853 | D:3      | Reached XP level 5. HP: 22/39 MP: 3/8
  4403 | D:4      | Noticed Edmund
  4431 | D:4      | Noticed Menkaure
  4438 | D:4      | Killed Menkaure
  4439 | D:4      | Reached XP level 6. HP: 2/47 MP: 0/10
  4509 | D:4      | HP: 2/47 [Edmund/+2 flail of protection (5)]
  4510 | D:4      | Killed Edmund
  4760 | D:4      | Noticed Grinder
  4765 | D:4      | Gained mutation: You are frail. (-10% HP) [potion of
                  | mutation]
  4765 | D:4      | Gained mutation: You are very frail. (-20% HP) [potion of
                  | mutation]
  4765 | D:4      | Gained mutation: Your magical capacity is low. (-10% MP)
                  | [potion of mutation]
  4787 | D:4      | Paralysed by Grinder for 4 turns
  4791 | D:4      | Killed from afar by Grinder

Illustrated notes

Levels and vault maps discovered:
D:1:      minmay_arrival_wavy_path, layout_basic,
          ebering_ecumenical_altar_abandoned
D:2:      layout_loops_cross, minmay_misc_feat_iff
D:3:      layout_loops_corners, mainiacjoe_overflow_catwalk_spiral,
          lemuel_crystal_altar
D:4:      nicolae_cairo_tiling_large_dashed, layout_cave_pools,
          makhleb_heckhound_becter, mainiacjoe_overflow_alcove_2,
          cheibrodos_sewer_entry_bend, grunt_ministairs_4, chequers_arboretum,
          uniq_edmund, uniq_grinder, uniq_menkaure

Skill      XL: |  1  2  3  4  5  6 |
---------------+-------------------+-----
Transmutations | 1 |  1.6
Fighting       | 1 2 3 |  3.4
Armour         | 1 2 |  2.1
Earth Magic    | 3 |  3.7
Conjurations   | 1 2 3 |  3.0
Spellcasting   | 3 |  3.0
Dodging        | |  1.7
Stealth        | |  1.7

Action                   |  1- 3 |  4- 6 || total
-------------------------+-------+-------++-------
Melee: Dagger            |   136 |    45 ||   181
       Punch             |     3 |       ||     3
       Tailslap          |       |     2 ||     2
 Cast: Sandblast         |    26 |    35 ||    61
       Stone Arrow       |       |     5 ||     5
  Use: Scroll            |       |     1 ||     1
       Potion            |       |     6 ||     6
 Stab: Sleeping          |     2 |       ||     2
Armor: Robe              |    24 |       ||    24
       Leather armour    |     8 |    48 ||    56
Dodge: Dodged            |    84 |    34 ||   118
